 Dungeon Crawl Stone Soup version 0.31.0-12-g77e489cdc1 (webtiles) character file.

Game seed: 6871647282369021545

4177 Gadfly the Covert (level 10, -2/51 HPs)
             Began as a Spriggan Enchanter on Feb 19, 2024.
             Was an Initiate of Gozag.
             Killed by the air
             ... invoked by Gastronok
              (40 damage)
             ... on level 8 of the Dungeon.
             The game lasted 00:18:44 (9253 turns).

Gadfly the Covert (Spriggan Enchanter)              Turns: 9253, Time: 00:18:48

Health: -2/51      AC:  4    Str:  4    XL:     10   Next: 8%
Magic:  17/21      EV: 29    Int: 20    God:    Gozag
Gold:   1448       SH:  0    Dex: 23    Spells: 13/23 levels left

rFire   . . .        b - +4 short sword
rCold   . . .        (no shield)
rNeg    . . .        o - +0 robe
rPois   .            (helmet restricted)
rElec   .            i - +1 cloak
rCorr   .            (gloves unavailable)
SInv    +            (boots unavailable)
Will    +....        y - amulet of regeneration
Stlth   +++++        g - +5 ring of evasion
HPRegen 1.08/turn    s - +6 ring of dexterity
MPRegen 0.17/turn

%: no passive effects
@: confusing by touch, slowed, quick
A: very small, no large weapons, unfitting armour, see invisible, speed 3
a: Renounce Religion, Potion Petition, Call Merchant, Bribe Branch


You were on level 8 of the Dungeon.
You worshipped Gozag.
Gozag was most pleased with you.
You visited 2 branches of the dungeon, and saw 9 of its levels.

You collected 1496 gold pieces.
You paid 48 gold pieces to Gozag.

Inventory:

Hand Weapons
 a - a +1 dagger
 b - a +4 short sword (weapon)
Armour
 i - a +1 cloak (worn)
 o - a +0 robe (worn)
Jewellery
 g - a +5 ring of evasion (left hand)
 h - an amulet of magic regeneration
 j - a +4 ring of protection
 s - a +6 ring of dexterity (right hand)
 y - an amulet of regeneration (around neck)
Wands
 r - a wand of flame (26)
 u - a wand of quicksilver (6)
Scrolls
 l - a scroll of teleportation
 v - a scroll of enchant armour
 w - 3 scrolls of blinking
 x - a scroll of fog
Potions
 c - 3 potions of invisibility
 d - 4 potions of brilliance
 e - 2 potions of lignification
 f - a potion of resistance
 k - a potion of heal wounds
 m - a potion of cancellation
 n - a potion of berserk rage
 p - 2 potions of haste
 q - 6 potions of curing
 t - a potion of magic


   Skills:
 + Level 4.6 Fighting
 + Level 6.2 Short Blades
 + Level 7.5 Dodging
 + Level 9.6 Stealth
 + Level 7.0 Spellcasting
 + Level 7.5 Hexes
 + Level 6.9 Evocations


You had 13 spell levels left.
You knew the following spells:

 Your Spells              Type           Power      Damage    Failure   Level
a - Ensorcelled Hibernat  Hex/Ice        44%        N/A       3%          2
b - Confusing Touch       Hex            37%        N/A       1%          3
c - Summon Mana Viper     Hex/Summ       22%        N/A       50%         5

Your spell library contained the following spells:

 Spells                   Type           Power      Damage    Failure   Level
 Sigil of Binding         Hex            37%        N/A       1%          3
 Tukima's Dance           Hex            37%        N/A       1%          3
 Dazzling Flash           Conj/Hex       44%        N/A       6%          3
 Summon Small Mammal      Summ           28%        N/A       10%         1
 Cigotuvi's Dreadful Rot  Necr/Alch/Air  14%        N/A       14%         2
 Dimensional Bullseye     Hex/Tloc       11%        N/A       21%         4
 Call Canine Familiar     Summ           7%         N/A       28%         3
 Summon Ice Beast         Ice/Summ       7%         N/A       28%         3
 Dispel Undead            Necr           7%         3d8       67%         4
 Martyr's Knell           Necr/Summ      7%         N/A       67%         4
 Summon Blazeheart Golem  Fire/Summ      7%         N/A       67%         4
 Iskenderun's Battlesphe  Conj           7%         2d6       95%         5
 Bombard                  Conj/Erth      3%         9d1       100%        6
 Death Channel            Necr           3%         N/A       100%        6
 Monstrous Menagerie      Summ           3%         N/A       100%        7
 Spellforged Servitor     Conj/Summ      3%         N/A       100%        7


Dungeon Overview and Level Annotations

Branches:
Dungeon (8/15)             Temple (1/1) D:5
   Lair: D:8-11

Altars:
Ashenzari
Cheibriados
Dithmenos
Elyvilon
Fedhas
Gozag
Hepliaklqana
Kikubaaqudgha
Makhleb
Nemelex Xobeh
Okawaru
Qazlal
Ru
Sif Muna
Trog
Uskayaw
Vehumet
Wu Jian
Xom
Yredelemnul
Zin
The Shining One

Shops:
D:2 *   D:4 *

Annotations:
D:8 Gastronok


Innate Abilities, Weirdness & Mutations

You are very small and have problems with some larger weapons.
You are too small for most types of armour.
You have supernaturally acute eyesight. (SInv)
You cover ground extremely quickly. (Speed+++)


Message History

Unknown command.
Gastronok resists with almost no effort.
Casting: Ensorcelled Hibernation (safe; 3% risk of failure)
Confirm with . or Enter, or press ? or * to list all spells.
Aiming: Ensorcelled Hibernation (safe; 3% risk of failure)
Press: ? - help, Shift-Dir - straight line, f/p - Gastronok
Aim: Gastronok, wearing a +1 hat of willpower (lightly wounded, covering ground quickly, chance to affect: 0%)
Okay, then.
Casting: Ensorcelled Hibernation (safe; 3% risk of failure)
Confirm with . or Enter, or press ? or * to list all spells.
Your hands begin to glow red.
Gastronok bites you!
You hit Gastronok but do no damage.
Gastronok is lightly wounded.
You hit Gastronok but do no damage.
Gastronok is lightly wounded.
You hit Gastronok but do no damage.
Gastronok is lightly wounded.
Gastronok bites you.
You hit Gastronok but do no damage.
Gastronok is lightly wounded.
You hit Gastronok but do no damage.
Gastronok is lightly wounded.
Unknown command.
You hit Gastronok but do no damage.
Gastronok is lightly wounded.
Gastronok looks at you while chanting.
You feel yourself slow down.
You hit Gastronok but do no damage. You punch Gastronok, but do no damage.
Gastronok is lightly wounded.
You hit Gastronok but do no damage.
Gastronok is lightly wounded.
Gastronok completely misses you.
You hit Gastronok but do no damage. You hit Gastronok but do no damage.
Gastronok waves his eye-stalks in wide circles.
The air twists around and strikes you!!!
Ouch! That really hurt!
You die...
Gastronok gurgles, "Let's see if you taste as good as that wizard did."
Your body crumbles into a pile of gold.

# ## ...... #.. .?# ......
#.###.# ......#####...#.#######.
..........##..... .....
######..[..........####.#.#
#....#........#....$.......
#.w...........#.....#...#
#........w@.$.#.........#
##..........$..$$.......###
#............#............
#######r...............#...#.##.
#..........######.####>#..##.##.
#........>.# #.. ....###.##.
##...........# .......... #....
#.....##.....# .#####......#....
#.######.....# . .)...#..#....


You could see Gastronok (swift).

Vanquished Creatures
  Grinder (D:3)
  A wyvern (D:7)
  2 steam dragons
  The ghost of Zeo the Shooter, an amateur BaHu (D:4)
  A water moccasin (D:7)
  2 orc warriors
  A black bear (D:7)
  2 ice beasts
  An elephant zombie (D:6)
  6 ogres
  3 centaurs
  4 gnoll sergeants
  2 scorpions
  3 howler monkeys (D:7)
  2 centaur zombies (D:6)
  4 quasits (D:4)
  5 hounds
  5 jellies
  A bombardier beetle (D:5)
  Crazy Yiuf (D:5)
  7 orc priests
  A human zombie (D:6)
  Terence (D:3)
  2 sleepcaps
  2 scorpion zombies (D:6)
  7 orc wizards
  2 killer bee zombies (D:6)
  3 hound zombies (D:6)
  Robin (D:3)
  11 gnolls
  8 adders
  3 white imps
  6 ufetubi
  4 adder zombies (D:6)
  2 dart slugs
  4 ribbon worms
  22 orcs
  4 endoplasms
  A giant cockroach (D:1)
  12 goblins
  10 hobgoblins
  9 jackals
  6 quokkas
  5 ball pythons
  5 bats
  4 frilled lizards
  13 kobolds
  8 rats
211 creatures vanquished.

Vanquished Creatures (others)
  A quokka (D:5)
1 creature vanquished.

Grand Total: 212 creatures vanquished

Notes
Turn   | Place    | Note
-------+----------+-------------------------------------------
     0 | D:1      | Gadfly the Spriggan Enchanter began the quest for the Orb.
     0 | D:1      | Reached XP level 1. HP: 9/9 MP: 5/5
    75 | D:1      | Found a faded altar of an unknown god.
   432 | D:1      | Reached XP level 2. HP: 13/13 MP: 6/6
   557 | D:1      | Learned a level 2 spell: Ensorcelled Hibernation
   584 | D:2      | Reached skill level 1 in Evocations
   761 | D:2      | Reached XP level 3. HP: 17/17 MP: 8/8
   846 | D:2      | Found a hazy altar of Hepliaklqana.
  1013 | D:2      | Found Fiyriega's General Store.
  1334 | D:2      | Identified the +3 mace "Vohuqee" {drain, rF- rC+ rN+ Int+2}
  1405 | D:3      | Noticed Terence
  1443 | D:3      | Killed Terence
  1444 | D:3      | Reached skill level 1 in Fighting
  1444 | D:3      | Reached skill level 5 in Stealth
  1444 | D:3      | Reached XP level 4. HP: 16/22 MP: 1/9
  1684 | D:3      | Noticed Grinder
  1688 | D:3      | Paralysed by Grinder for 2 turns
  1723 | D:2      | Learned a level 3 spell: Confusing Touch
  1729 | D:3      | Paralysed by Grinder for 2 turns
  1737 | D:3      | Killed Grinder
  1738 | D:3      | Reached XP level 5. HP: 20/26 MP: 5/11
  1738 | D:3      | Reached XP level 6. HP: 23/30 MP: 5/12
  1916 | D:3      | Noticed Robin
  1999 | D:3      | Killed Robin
  2340 | D:3      | Learned a level 5 spell: Summon Mana Viper
  2458 | D:4      | Found a transporter.
  2611 | D:4      | Reached skill level 6 in Stealth
  2755 | D:4      | Found Huqiur's Gadget Gallery.
  2809 | D:4      | Found a transporter.
  2825 | D:4      | Reached XP level 7. HP: 35/35 MP: 6/14
  2829 | D:4      | Noticed Zeo's ghost (amateur BaHu)
  3565 | D:5      | Entered Level 5 of the Dungeon
  3577 | D:5      | Found a staircase to the Ecumenical Temple.
  3588 | Temple   | Entered the Ecumenical Temple
  3596 | Temple   | Became a worshipper of Gozag Ym Sagoz the Greedy
  3626 | D:5      | Reached skill level 5 in Hexes
  4040 | D:5      | Found a white marble altar of Elyvilon.
  4144 | D:5      | Reached skill level 5 in Dodging
  4284 | D:5      | Reached XP level 8. HP: 39/39 MP: 11/16
  4287 | D:5      | Reached skill level 7 in Stealth
  4287 | D:5      | Reached skill level 5 in Spellcasting
  4586 | D:5      | Noticed a moth of wrath
  4589 | D:5      | Found a bloodstained altar of Trog.
  4934 | D:5      | Found a runed translucent door.
  4935 | D:5      | Noticed Crazy Yiuf
  5134 | D:5      | Killed Crazy Yiuf
  5404 | D:6      | Reached skill level 5 in Evocations
  6030 | D:6      | Reached skill level 8 in Stealth
  6152 | D:6      | Reached XP level 9. HP: 41/43 MP: 15/18
  6175 | D:6      | Reached skill level 5 in Short Blades
  6489 | D:6      | Found a basalt altar of Yredelemnul.
  7614 | D:4      | Killed Zeo's ghost
  7615 | D:4      | Reached skill level 9 in Stealth
  8635 | D:8      | Noticed Gastronok
  8841 | D:8      | Reached XP level 10. HP: 51/51 MP: 21/21
  9253 | D:8      | Killed from afar by Gastronok

Illustrated notes

Levels and vault maps discovered:
D:1:      minmay_arrival_four_loops, layout_basic,
          dilly_ecumenical_altar_fadedgnrine
D:2:      layout_basic, basic_altar, serial_shops, nicolae_square_shop
D:3:      layout_loops_ring, minmay_fountain_box, uniq_grinder, uniq_robin,
          uniq_terence
D:4:      layout_loops_ring, gammafunk_ghost_stat_death, nicolae_shop_gadgets
D:5:      layout_loops_corners, tgw_trog, elyvilon_altar_4,
          minmay_temple_entry_grid, kennysheep_donut, uniq_crazy_yiuf_cottage
D:6:      kennysheep_housing_project, layout_rooms, roadster_capsule_ark_zombie
D:7:      layout_basic
D:8:      layout_basic, columned_hall_lemuel, uniq_gastronok
Temple:   nicolae_temple_bog_church

Skill      XL: |  1  2  3  4  5  6  7  8  9 |
---------------+----------------------------+-----
Evocations     | 1 2 3 4 5 6 |  6.9
Dodging        | 3 4 5 6 7 |  7.5
Spellcasting   | 3 4 5 7 |  7.0
Fighting       | 1 2 3 4 |  4.6
Stealth        | 5 6 8 9 |  9.6
Hexes          | 4 5 6 7 |  7.5
Short Blades   | 2 3 4 6 |  6.2

Action                     |  1- 3 |  4- 6 |  7- 9 | 10-12 || total
---------------------------+-------+-------+-------+-------++-------
  Melee: Dagger            |   110 |    57 |       |       ||   167
         Punch             |     1 |       |     7 |     6 ||    14
         Short sword       |       |    52 |   565 |    84 ||   701
   Cast: Ensorcelled Hiber |    10 |    20 |    86 |    10 ||   126
         Confusing Touch   |       |     1 |    11 |     1 ||    13
    Use: Scroll            |     6 |     1 |     7 |     3 ||    17
         Potion            |     2 |     1 |       |       ||     3
   Stab: Sleeping          |    16 |    21 |    68 |     4 ||   109
         Confused          |       |     2 |    14 |       ||    16
         Distracted        |       |       |     3 |       ||     3
 Armour: Robe              |    15 |    29 |   167 |    18 ||   229
  Dodge: Dodged            |    66 |    77 |   628 |    58 ||   829
